 Dungeon Crawl Stone Soup version 0.31-a0-145-g046c7d2549 (webtiles) character file.

Game seed: 1988043693528668463

31703 Kenran the Carver (level 13, -5/109 HPs)
             Began as a Human Berserker on June 6, 2023.
             Was a High Priest of Trog.
             Killed from afar by a catoblepas (9 damage)
             ... with a blast of calcifying dust
             ... on level 2 of the Lair of Beasts.
             The game lasted 00:23:27 (16863 turns).

Kenran the Carver (Human Berserker)                Turns: 16863, Time: 00:23:27

Health: -5/109     AC: 11    Str: 20    XL:     13   Next: 98%
Magic:  13/13      EV: 20    Int:  7    God:    Trog [*****.]
Gold:   801        SH: 12    Dex: 24    Spells: 12/12 levels left

rFire   . . .        b - +6 scimitar (flame)
rCold   . . .        G - +1 buckler "Haicucai" {rPois Str+2 SInv}
rNeg    . . .        o - +0 acid dragon scales
rPois   +            j - +1 hat {Will+}
rElec   .            l - +0 cloak
rCorr   +            p - +0 pair of gloves
SInv    +            r - +0 pair of boots
Will    +....        k - amulet of reflection
Stlth   +++          u - +6 ring of dexterity
HPRegen 0.38/turn    (no ring)
MPRegen 0.13/turn

%: reflection
@: no status effects
A: no striking features
a: Renounce Religion, Berserk, Trog's Hand, Brothers in Arms


You were on level 2 of the Lair of Beasts.
You worshipped Trog.
Trog was extremely pleased with you.
You visited 2 branches of the dungeon, and saw 14 of its levels.

You collected 801 gold pieces.

Inventory:

Hand Weapons
 a - a +6 heavy scimitar
 b - a +6 scimitar of flaming (weapon)
Missiles
 J - 2 throwing nets (quivered)
Armour
 j - a +1 hat of willpower (worn)
 l - a +0 cloak (worn)
 o - +0 acid dragon scales (worn)
 p - a +0 pair of gloves (worn)
 r - a +0 pair of boots (worn)
 G - the +1 buckler "Haicucai" (worn) {rPois Str+2 SInv}
   (You acquired it on level 1 of the Lair of Beasts)

   Str:       It affects your strength (+2).
   rPois:     It protects you from poison.
   SInv:      It lets you see invisible.
Jewellery
 k - an amulet of reflection (around neck)
 u - a +6 ring of dexterity (left hand)
 H - a ring of flight
Wands
 e - a wand of charming (17)
 B - a wand of flame (14)
 I - a wand of light (10)
Scrolls
 c - 5 scrolls of vulnerability {!r}
 d - 2 scrolls of teleportation
 g - 2 scrolls of immolation {!r}
 h - 2 scrolls of fear
 v - 3 scrolls of butterflies
 w - 3 scrolls of fog
 y - a scroll of enchant armour {unknown}
 D - 2 scrolls of silence {unknown}
 F - a scroll of magic mapping {unknown}
Potions
 f - a potion of cancellation {unknown}
 i - 5 potions of invisibility
 m - a potion of attraction {unknown}
 n - 2 potions of enlightenment
 q - 4 potions of curing {@q1}
 s - a potion of lignification {unknown}
 t - 3 potions of heal wounds {unknown}
 x - a potion of mutation {unknown}
 C - 2 potions of haste {unknown}
 E - a potion of ambrosia
Miscellaneous
 z - a tin of tremorstones (2/2)
 A - a phantom mirror


   Skills:
 + Level 12.5 Fighting
 - Level 14.0 Long Blades
 - Level 4.0 Armour
 + Level 10.7 Dodging
 - Level 5.0 Stealth
 - Level 5.0 Shields
 - Level 5.0 Evocations


You had 12 spell levels left.
You didn't know any spells.
Your spell library was empty.

Dungeon Overview and Level Annotations

Branches:
Dungeon (12/15)            Temple (0/1) D:6            Lair (2/5) D:8
  Snake (0/4) Lair:2          Orc (0/2) D:10
  Swamp: Lair:2-3    Shoals: Lair:2-3

Altars:
Ashenzari
Cheibriados
Okawaru
Qazlal
Ru
Uskayaw
Yredelemnul
Zin

Shops:
D:1 *==

Annotations:
D:6 1 runed translucent door, Crazy Yiuf
D:8 2 transporters
D:11 1 runed translucent door, mn3067's ghost, journeyman OgEE


Message History

The catoblepas is moderately wounded.
The catoblepas breathes a plume of calcifying dust at you.
The blast of calcifying dust hits you!
You slash the catoblepas! You burn the catoblepas.
The catoblepas is heavily wounded.
You are engulfed in calcifying dust.
You are slowing down.
The catoblepas barely misses you.
Found 17 gold pieces.
The catoblepas gores you!!
Your limbs are stiffening.
Unknown command.
Unknown command.
Unknown command.
You slash the catoblepas! You burn the catoblepas.
The catoblepas is heavily wounded.
The catoblepas barely misses you.
You have turned to stone.
The catoblepas gores you!! x3
The catoblepas breathes a plume of calcifying dust at you.
The blast of calcifying dust hits you but does no damage.
You are engulfed in calcifying dust.
The catoblepas gores you!!
* * * LOW HITPOINT WARNING * * *
You are engulfed in calcifying dust.
The catoblepas breathes a plume of calcifying dust at you.
The blast of calcifying dust hits you but does no damage.
You are engulfed in calcifying dust.
The catoblepas gores you!!
* * * LOW HITPOINT WARNING * * *
The catoblepas gores you.
* * * LOW HITPOINT WARNING * * *
The catoblepas gores you!!
* * * LOW HITPOINT WARNING * * *
You turn to flesh and can move again.
Unknown command.
Unknown command.
Unknown command.
Unknown command.
As you read the scroll of fear, it crumbles to dust.
You assume a fearsome visage.
The catoblepas resists with some effort.
The catoblepas breathes a plume of calcifying dust at you.
The blast of calcifying dust hits you!
You die...

....P##P.....#.≈§#......
................≈#.......
..............≈≈.........
.......#..#..#≈...^......
..............§## ..#....
....#####......∧##.......
.#.## #...#≈.#........#
P### #...≈≈..≈#Y.......
## #....≈.##≈@.......#
#..........≈.#...#.. #.
##.........≈........ .##
#...........P...... ..#
.................. ..#
.......#.#.#..P#... ..##
#.......####...##..$ ...#
#........ ...# ...#
#.......#####.#


You could see a catoblepas.

Vanquished Creatures
  2 hydras (Lair:2)
  3 centaur warriors (D:9)
  Erica (Lair:1)
  Harold (Lair:1)
  A boulder beetle (Lair:2)
  3 two-headed ogres
  Urug (D:11)
  Sonja (Lair:2)
  A deep elf pyromancer (D:9)
  2 cyclopes (D:11)
  An ugly thing (D:9)
  4 elephants (Lair:1)
  A manticore (D:7)
  A black mamba (Lair:2)
  5 cane toads
  Maggie (D:7)
  A komodo dragon (D:11)
  2 unseen horrors
  2 rime drakes
  A kobold demonologist (D:9)
  2 trolls
  A polar bear (Lair:1)
  A hornet (D:9)
  5 blink frogs
  A shadow (D:9)
  2 wyverns (D:7)
  2 vampires
  27 yaks
  4 slime creatures
  2 basilisks
  Eustachio (D:5)
  A steam dragon (D:9)
  3 nagas (Lair:2)
  An acid dragon (D:11)
  Edmund (D:4)
  15 water moccasins
  An ice beast (D:6)
  10 orc warriors
  2 sky beasts (D:7)
  3 black bears
  2 ogres (D:11)
  12 wolves
  5 centaurs
  2 phantoms
  5 kobold brigands (D:9)
  14 bullfrogs
  A gnoll sergeant (D:8)
  A scorpion (D:4)
  6 wights (D:7)
  5 killer bees
  9 howler monkeys
  8 electric eels
  3 jellies
  A gnoll bouda (D:6)
  6 orc priests
  8 hounds
  3 sleepcaps
  7 iguanas
  An iron imp (D:3)
  Ijyb (D:4)
  9 orc wizards
  Robin (D:5)
  10 gnolls
  9 adders
  A shadow imp (D:5)
  4 white imps
  An ufetubus (D:7)
  3 worms
  57 orcs
  8 ball pythons
  9 endoplasms
  2 giant cockroaches (D:3)
  9 goblins
  7 hobgoblins
  23 kobolds
  3 quokkas (D:1)
  6 bats
  3 frilled lizards
  6 rats
391 creatures vanquished.

Notes
Turn   | Place    | Note
-------+----------+-------------------------------------------
     0 | D:1      | Kenran the Human Berserker began the quest for the Orb.
     0 | D:1      | Reached XP level 1. HP: 18/18 MP: 1/1
   180 | D:1      | Reached XP level 2. HP: 20/24 MP: 2/2
   242 | D:1      | Found Livorph's Jewellery Emporium.
   268 | D:1      | Found Xipt's Assorted Antiques.
   296 | D:1      | Found Figiuheh's Jewellery Emporium.
   665 | D:2      | Reached skill level 4 in Long Blades
   665 | D:2      | Reached XP level 3. HP: 21/29 MP: 3/3
   832 | D:2      | Reached ** piety under Trog
  1291 | D:2      | Reached XP level 4. HP: 35/35 MP: 4/4
  1894 | D:3      | Reached skill level 5 in Long Blades
  2176 | D:3      | Reached XP level 5. HP: 41/41 MP: 5/5
  2281 | D:3      | Found a snail-covered altar of Cheibriados.
  2516 | D:4      | Reached skill level 6 in Long Blades
  2583 | D:4      | Found a broken altar of Ashenzari.
  2594 | D:4      | Reached XP level 6. HP: 26/47 MP: 6/6
  2688 | D:4      | Noticed Ijyb
  2703 | D:4      | Killed Ijyb
  2733 | D:4      | Reached skill level 7 in Long Blades
  2748 | D:4      | Found a hide-covered altar of Uskayaw.
  2748 | D:4      | Found a sacrificial altar of Ru.
  2749 | D:4      | Found an iron altar of Okawaru.
  2987 | D:4      | Reached XP level 7. HP: 45/52 MP: 7/7
  3118 | D:4      | Reached skill level 8 in Long Blades
  3194 | D:4      | Noticed Edmund
  3206 | D:4      | Killed Edmund
  3613 | D:5      | Entered Level 5 of the Dungeon
  3648 | D:5      | Noticed Robin
  3680 | D:5      | Killed Robin
  3680 | D:5      | Reached *** piety under Trog
  3699 | D:5      | Noticed a water moccasin
  3714 | D:5      | Killed a water moccasin
  3715 | D:5      | Reached skill level 9 in Long Blades
  3715 | D:5      | Reached XP level 8. HP: 58/58 MP: 8/8
  3940 | D:5      | Noticed Eustachio
  3955 | D:5      | Killed Eustachio
  3956 | D:5      | Reached skill level 10 in Long Blades
  4566 | D:6      | Reached skill level 5 in Fighting
  4584 | D:6      | Reached XP level 9. HP: 29/68 MP: 9/9
  4819 | D:6      | Found a runed translucent door.
  4820 | D:6      | Noticed Crazy Yiuf
  5286 | D:6      | Reached skill level 1 in Evocations
  5497 | D:6      | Found a staircase to the Ecumenical Temple.
  5821 | D:7      | Reached skill level 5 in Dodging
  6456 | D:7      | Noticed Maggie
  6467 | D:7      | Killed Maggie
  6618 | D:7      | Reached **** piety under Trog
  6634 | D:7      | Reached XP level 10. HP: 43/76 MP: 10/10
  6853 | D:7      | Reached skill level 11 in Long Blades
  6950 | D:7      | Found a basalt altar of Yredelemnul.
  7284 | D:7      | Noticed a manticore
  7300 | D:7      | Killed a manticore
  7301 | D:7      | Reached skill level 12 in Long Blades
  7338 | D:7      | Noticed a two-headed ogre
  7367 | D:7      | Killed a two-headed ogre
  7419 | D:7      | Killed an unseen horror
  7463 | D:7      | Reached skill level 13 in Long Blades
  7753 | D:7      | Reached XP level 11. HP: 28/81 MP: 11/11
  8166 | D:8      | Noticed a two-headed ogre
  8176 | D:8      | Killed a two-headed ogre
  8177 | D:8      | Reached skill level 14 in Long Blades
  8228 | D:8      | Found a staircase to the Lair.
  9689 | D:8      | Reached ***** piety under Trog
  9807 | D:8      | Noticed a tengu warrior
  9808 | D:8      | Found a transporter.
  9808 | D:8      | Found the +5 demon whip "Spellbinder" {antimagic, disrupt,
                  | Will+}
  9810 | D:8      | Noticed a two-headed ogre
  9811 | D:8      | Noticed a deep elf pyromancer
  9816 | D:8      | Noticed a death knight
  9820 | D:8      | Noticed a four-headed hydra
  9823 | D:8      | Found a transporter.
 10091 | D:9      | Paralysed by a hornet for 1 turns
 10135 | D:9      | Noticed a centaur warrior
 10155 | D:9      | Killed a centaur warrior
 10241 | D:9      | Noticed a centaur warrior
 10250 | D:9      | Killed a centaur warrior
 10549 | D:9      | Reached skill level 10 in Fighting
 10753 | D:9      | Noticed a green ugly thing
 10910 | D:9      | Reached XP level 12. HP: 97/97 MP: 12/12
 10921 | D:9      | Noticed a two-headed ogre
 10932 | D:9      | Killed a two-headed ogre
 11131 | D:9      | Found a glowing silver altar of Zin.
 11350 | D:9      | Found a stormy altar of Qazlal.
 11393 | D:9      | Identified the +5 flail of the Jester {flame, Int+4}
 11394 | D:9      | Noticed a centaur warrior
 11412 | D:9      | Killed a centaur warrior
 11587 | D:9      | Reached skill level 5 in Evocations
 11828 | D:10     | Entered Level 10 of the Dungeon
 12922 | D:10     | Received a gift from Trog
 12952 | D:10     | Found a staircase to the Orcish Mines.
 13429 | D:11     | Noticed Urug
 13445 | D:11     | Killed Urug
 13570 | D:11     | Reached skill level 10 in Dodging
 13583 | D:11     | Reached skill level 1 in Stealth
 13805 | D:11     | Noticed mn3067's ghost (journeyman OgEE)
 13811 | D:11     | Reached XP level 13. HP: 91/104 MP: 13/13
 14232 | D:11     | Found a runed translucent door.
 14664 | Lair:1   | Entered Level 1 of the Lair of Beasts
 14673 | Lair:1   | Noticed Erica
 14694 | Lair:1   | Killed Erica
 14788 | Lair:1   | Reached skill level 5 in Stealth
 15089 | Lair:1   | Identified a scroll of acquirement
 15090 | Lair:1   | Acquired the +1 buckler "Haicucai" {rPois Str+2 SInv}
 15239 | Lair:1   | Reached skill level 1 in Shields
 15332 | Lair:1   | Identified the +8 battleaxe "Rogum" {flame, rElec Dex+3}
 15620 | Lair:1   | Noticed Harold
 15627 | Lair:1   | Killed Harold
 15964 | Lair:2   | Reached skill level 5 in Shields
 16089 | Lair:2   | Found a staircase to the Snake Pit.
 16107 | Lair:2   | Noticed an eight-headed hydra
 16132 | Lair:2   | Killed a four-headed hydra
 16419 | Lair:2   | Noticed a four-headed hydra
 16433 | Lair:2   | Killed a one-headed hydra
 16705 | Lair:2   | Noticed Sonja
 16726 | Lair:2   | Killed Sonja
 16815 | Lair:2   | Identified the +1 chain mail "Ritisaol" {*Corrode Str-4
                  | Dex+10 SInv}
 16817 | Lair:2   | Received a gift from Trog
 16841 | Lair:2   | Noticed a catoblepas
 16861 | Lair:2   | HP: 3/109 [catoblepas (9)]
 16863 | Lair:2   | Killed from afar by a catoblepas

Illustrated notes

Levels and vault maps discovered:
D:1:      ncdulo_wetmaze, layout_rooms, serial_shops, shop, shop, shop
D:2:      layout_loops_corners
D:3:      layout_rooms, slow_altar_2, minmay_randomly_rotated_circles
D:4:      minmay_evil_eye, layout_cave_pools,
          chequers_temple_overflow_statue_of_worship, uniq_ijyb, uniq_edmund
D:5:      layout_rooms, nicolae_goblin_pals, uniq_eustachio
D:6:      layout_loops_ring, temple_hall, uniq_crazy_yiuf_cottage
D:7:      nzn_winding_woodlands_medium [nzn_winding_woodlands_5x5_closed_star,
          nzn_winding_woodlands_5x15_pool, nzn_winding_woodlands_5x5_cross,
          nzn_winding_woodlands_5x5_default,
          nzn_winding_woodlands_center_triple_pond,
          nzn_winding_woodlands_5x5_perimeter,
          nzn_winding_woodlands_5x5_open_star,
          nzn_winding_woodlands_5x15_river_crossing,
          nzn_winding_woodlands_5x5_three], layout_basic,
          lemuel_coloured_pillars_altar, minmay_misc_feat_columns,
          kennysheep_diamond, dreamdust_wishing_well, uniq_maggie
D:8:      gammafunk_sealed_arena, layout_basic, erik_lair_island
D:9:      minmay_the_grid_triangle_9x9_recursive_2_mashed
          [minmay_the_grid_triangle_9x9_prize_insulated,
          minmay_the_grid_triangle_9x9_alien,
          minmay_the_grid_triangle_9x9_warning,
          minmay_the_grid_triangle_9x9_empty], layout_loops_ring,
          mainiacjoe_overflow_cross_hatched, mainiacjoe_overflow_boulevard
D:10:     layout_loops_corners, david_orc_5
D:11:     layout_roguey [special_room_orc], hellmonk_ghost_happy_afterlife,
          uniq_urug
D:12:     layout_rooms, nicolae_trove_entry_path_of_doom
Lair:1:   layout_gridlike, infiniplex_staircase_pool, serial_bayou_shore_b,
          uniq_harold, uniq_erica
Lair:2:   layout_cave_pods, minmay_snake_entry_guardpost_medium,
          nicolae_volcano_entry_lava_flow, grunt_megastairs_2, uniq_sonja

Skill      XL: |  1  2  3  4  5  6  7  8  9 10 11 12 13 |
---------------+----------------------------------------+-----
Long Blades    | 4 5 6 7 9 10 13 14 | 14.0
Fighting       | 5 6 10 12 | 12.5
Evocations     | 3 5 |  5.0
Dodging        | 6 10 | 10.7
Armour         | 4 |  4.0
Stealth        | 2 5 |  5.0
Shields        | 5 |  5.0

Action                     |  1- 3 |  4- 6 |  7- 9 | 10-12 | 13-15 || total
---------------------------+-------+-------+-------+-------+-------++-------
  Melee: Falchion          |   128 |   191 |       |       |       ||   319
         Punch             |     2 |     4 |     3 |    16 |     1 ||    26
         Long sword        |       |       |   141 |       |       ||   141
         Scimitar          |       |       |   164 |   714 |   226 ||  1104
 Invoke: Berserk           |     1 |     2 |     5 |     6 |     1 ||    15
         Trog's Hand       |       |     1 |       |     1 |     1 ||     3
  Evoke: Wand              |       |       |     3 |     9 |     2 ||    14
    Use: Potion            |     3 |     5 |       |       |       ||     8
         Scroll            |       |     1 |     4 |     3 |     5 ||    13
   Stab: Invisible         |       |     1 |       |       |     1 ||     2
         Sleeping          |       |       |       |     1 |     5 ||     6
         Distracted        |       |       |       |       |     1 ||     1
 Armour: Animal skin       |    17 |       |       |       |       ||    17
         Ring mail         |    37 |    60 |    88 |       |       ||   185
         Acid dragon scale |       |       |     2 |   147 |    61 ||   210
  Dodge: Dodged            |    77 |   124 |   147 |   383 |   177 ||   908
  Block: Other             |       |    28 |    56 |   142 |    13 ||   239
         Reflection        |       |       |     1 |    10 |     4 ||    15
         Buckler           |       |       |       |       |   100 ||   100

Table legend: (Time is in decaauts)
 A = Elapsed time spent in this place.
 B = Non-inter-level travel time spent in this place.
 C = Inter-level travel time spent in this place.
 D = Time resting spent in this place.
 E = Time spent auto-exploring this place.
 F = Levels seen in this place.
 G = Mean time per level.
                   A        B        C        D        E       F      G
               +--------+--------+--------+--------+--------+-----+--------+
         Total |  16811 |  16282 |    529 |   5302 |   7644 |  14 | 1200.8 |
       Dungeon |  14591 |  14078 |    513 |   4749 |   6566 |  12 | 1215.9 |
          Lair |   2219 |   2204 |     15 |    553 |   1077 |   2 | 1109.5 |
               +--------+--------+--------+--------+--------+-----+--------+

Top non-repeatable levels by time:
     D:7: 2345 daAuts
     D:8: 2017 daAuts
     D:9: 1816 daAuts
    D:10: 1438 daAuts
     D:6: 1421 daAuts
  Lair:1: 1280 daAuts
    D:11: 1235 daAuts
     D:4: 1133 daAuts
     D:2: 1092 daAuts
  Lair:2: 939 daAuts
     D:3: 770 daAuts
     D:1: 669 daAuts
     D:5: 632 daAuts
    D:12: 18 daAuts
